 Dungeon Crawl Stone Soup version 0.29-a0-409-gd843f3a48c (webtiles) character file.

Game seed: 8086325595278256374

1055 Lekart the Skirmisher (level 8, -2/73 HPs)
             Began as a Pale Draconian Chaos Knight on May 13, 2022.
             Was a Plaything of Xom.
             Killed from afar by a manticore (17 damage)
             ... with a volley of spikes
             ... on level 6 of the Dungeon.
             The game lasted 00:07:28 (4079 turns).

Lekart the Skirmisher (Pale Draconian Chaos Knight) Turns: 4079, Time: 00:07:29

Health: -2/73      AC:  7    Str: 12 (14) XL:     8   Next: 5%
Magic:  8/8        EV: 14    Int: 12      God:    Xom [......]
Gold:   263        SH:  0    Dex: 15 (16) Spells: 7/7 levels left

rFire   . . .      SeeInvis +   a - +0 falchion (chaos)
rCold   . . .      Faith    .   (no shield)
rNeg    . . .      Spirit   .   (body armour unavailable)
rPois   .          Reflect  .   (helmet restricted)
rElec   .          Harm     .   v - +0 cloak {Stlth+}
rCorr   .          Rampage  .   (no gloves)
Will    .....                   (no boots)
Stlth   +++.......              l - amulet of regeneration
HPRegen 1.02/turn               (no ring)
MPRegen 0.11/turn               (no ring)

@: short of breath, spiked, on berserk cooldown, slowed, very slow
A: breathe steam, AC +6, unfitting armour, cold-blooded, steam resistance, beak,
hooves 1, thin skeletal structure 1, see invisible, sense surroundings 1
a: Breathe Steam, Renounce Religion


You were on level 6 of the Dungeon.
You worshipped Xom.
You were a very special plaything of Xom.
You visited 1 branch of the dungeon, and saw 6 of its levels.
You also visited: Ossuary.

You collected 263 gold pieces.

Inventory:

Hand Weapons
 a - a +0 falchion of chaos (weapon)
Missiles
 g - 9 poisoned darts (quivered)
Armour
 v - a +0 cloak of stealth (worn)
Jewellery
 l - an amulet of regeneration (around neck)
 m - the amulet "Ufev" {Faith rF- rC++ Str+4 Stlth-}
   (You found it on level 2 of the Dungeon)

   [amulet of faith]

   It allows you to gain divine favour quickly.
   Str:       It affects your strength (+4).
   rF:        It makes you vulnerable to fire.
   rC:        It greatly protects you from cold.
   Stlth:     It makes you less stealthy.
 r - a ring of wizardry
Wands
 p - a wand of digging (2)
 t - a wand of iceblast (5)
 u - a wand of polymorph (11)
Scrolls
 c - a scroll of amnesia
 f - 2 scrolls of blinking
 h - 3 scrolls of fear
 k - 2 scrolls of teleportation
 o - a scroll of magic mapping
Potions
 d - 2 potions of brilliance
 e - 2 potions of attraction
 i - 3 potions of might
 j - a potion of resistance
 n - a potion of flight
 q - 3 potions of curing
 s - a potion of heal wounds
 w - a potion of invisibility
 x - 2 potions of magic
Miscellaneous
 b - a piece from Xom's chessboard (15/15)


   Skills:
 * Level 7.3 Fighting
 + Level 5.1 Long Blades
 * Level 5.8 Dodging


You had 7 spell levels left.
You didn't know any spells.
Your spell library contained the following spells:

 Spells                   Type           Power      Damage    Failure   Level
 Ignite Poison            Fire/Tmut/Pois 0%         N/A       69%         3
 Mephitic Cloud           Conj/Pois/Air  0%         N/A       69%         3
 Freezing Cloud           Conj/Ice/Air   0%         6-21      100%        5


Dungeon Overview and Level Annotations

Branches:
Dungeon (6/15)             Temple (0/1) D:4         Ossuary (visited)

Altars:
Nemelex Xobeh
Sif Muna

Shops:
D:1 *   D:4 *


Innate Abilities, Weirdness & Mutations

You can breathe blasts of scalding, opaque steam.
Your pale cyan-grey scales are hard. (AC +6)
You cannot fit into any form of body armour.
You are cold-blooded and may be slowed by cold attacks.
You are immune to the effects of steam.
You have a beak for a mouth.
You have large cloven feet.
You have a somewhat thin skeletal structure. (Dex +2, Stealth+)
You have supernaturally acute eyesight. (SInv)
You passively map a small area around you.


Message History

"Get over here!"
The manticore blinks!
The manticore flicks its tail.
The volley of spikes misses you.
Aiming: Iceblast
Press: ? - help, Shift-Dir - straight line, f/p - manticore
Aim: a manticore (lightly wounded)
The mass of ice explodes!
The iceblast engulfs the manticore.
The manticore is lightly wounded.
You hear an angry growl.
You hear a shout!
The manticore flicks its tail.
The volley of spikes hits you!
The barbed spikes become lodged in your body.
Aiming: Iceblast
Press: ? - help, Shift-Dir - straight line, f/p - manticore
Aim: a manticore (lightly wounded) That beam is likely to hit you.
Continue anyway? [Y]es or [N]o only, please.
That beam is likely to hit you.
Continue anyway?
Okay, then.
You hit the manticore. Your peck misses the manticore.
Your tail-slap misses the manticore.
The manticore is moderately wounded.
The manticore blinks!
The manticore flicks its tail.
The volley of spikes hits you!
The barbed spikes become lodged in your body.
* * * LOW HITPOINT WARNING * * *
Aiming: Iceblast
Press: ? - help, Shift-Dir - straight line, f/p - manticore
Aim: a manticore (moderately wounded)
The mass of ice explodes!
The iceblast engulfs the manticore!
The manticore is heavily wounded.
Something shouts, "Despair, thou dankish doghearted foot-licker!"
You hear a shout! x2
The manticore flicks its tail.
The volley of spikes hits you!
The barbed spikes become lodged in your body.
You die...
Xom chuckles heartily!

...#.....####.# ,
, #..#..........##
,,
#........†.....# ,
*......H..†.....#*
, , ,
...##..<........
** ,,
..........#..#.. ,
....#.....##....
#..##......#,...
,,,..§..§.@...#
,.., .....##..###,
. * .....,...#
........## ,
.......## , ,
...#..#* , ### ,*


You could see a manticore.

Vanquished Creatures
  A wraith (Ossuary)
  Menkaure (D:4)
  A black bear (D:6)
  A sky beast (D:6)
  An ogre (D:4)
  A tengu (D:5)
  A jelly (D:4)
  2 hounds
  4 iguanas (D:5)
  Crazy Yiuf (D:4)
  Jessica (D:3)
  A mummy (Ossuary)
  3 gnolls (D:3)
  3 adders
  A river rat (D:3)
  An ufetubus (D:5)
  A worm (D:3)
  4 orcs (D:3)
  6 bats
  4 endoplasms
  5 giant cockroaches
  6 goblins
  3 hobgoblins
  2 jackals (D:3)
  4 kobolds
  A quokka (D:1)
  7 ball pythons
  5 frilled lizards
  2 gnoll skeletons (Ossuary)
  8 kobold skeletons (Ossuary)
  15 orc skeletons (Ossuary)
  A rat (D:1)
98 creatures vanquished.

Vanquished Creatures (collateral kills)
  Ijyb (D:3)
1 creature vanquished.

Grand Total: 99 creatures vanquished

Notes
Turn   | Place    | Note
-------+----------+-------------------------------------------
     0 | D:1      | Lekart the Draconian Chaos Knight began the quest for the
                  | Orb.
     0 | D:1      | Reached XP level 1. HP: 19/19 MP: 1/1
    32 | D:1      | XOM: divination: detect creatures
   263 | D:1      | Found Roishris's General Store.
   412 | D:1      | Reached XP level 2. HP: 26/26 MP: 2/2
   795 | D:2      | Found a faded altar of an unknown god.
  1219 | D:2      | Identified the amulet "Ufev" {Faith rF- rC++ Str+4 Stlth-}
  1338 | D:2      | Reached XP level 3. HP: 24/33 MP: 3/3
  1419 | D:2      | XOM: noise
  1496 | D:2      | XOM: god gift: robe {god gift}
  1555 | D:3      | Reached skill level 4 in Fighting
  1610 | D:3      | XOM: smoke on damage
  1625 | D:3      | Noticed Jessica
  1633 | D:3      | Killed Jessica
  1634 | D:3      | Reached XP level 4. HP: 17/41 MP: 4/4
  1749 | D:3      | Noticed Ijyb
  1752 | D:3      | XOM: summons friendly crimson imp
  1756 | D:3      | Killed Ijyb
  1870 | D:3      | Found a sparkling altar of Nemelex Xobeh.
  1972 | D:3      | Reached XP level 5. HP: 47/47 MP: 5/5
  2090 | D:3      | XOM: give mutations
  2090 | D:3      | Gained mutation: You have large cloven feet. [Xom's grace]
  2090 | D:3      | Gained mutation: You have a beak for a mouth. [Xom's grace]
  2090 | D:3      | Gained mutation: You have supernaturally acute eyesight.
                  | (SInv) [Xom's grace]
  2090 | D:3      | Gained mutation: You have a somewhat thin skeletal
                  | structure. (Dex +2, Stealth+) [Xom's grace]
  2239 | D:3      | XOM: polymorph orc wizard -> river rat
  2308 | D:4      | Noticed Menkaure
  2310 | D:4      | XOM: butterfly on damage
  2314 | D:4      | XOM: fog
  2315 | D:4      | Reached skill level 5 in Fighting
  2316 | D:4      | Killed Menkaure
  2317 | D:4      | Reached XP level 6. HP: 43/56 MP: 6/6
  2340 | D:4      | Found a shimmering blue altar of Sif Muna.
  2403 | D:4      | Found Vazaturi's Neck Hole.
  2418 | D:4      | XOM: snakes to sticks
  2420 | D:4      | Noticed Sigmund
  2428 | D:4      | Noticed Sigmund
  2428 | D:4      | Sigmund changed into Sigmund the goblin
  2428 | D:4      | XOM: polymorph Sigmund -> Sigmund the goblin
  2433 | D:4      | Killed Sigmund the goblin
  2708 | D:4      | XOM: 3-stop teleportation journey
  2744 | D:4      | Found a staircase to the Ecumenical Temple.
  2847 | D:4      | Found a runed translucent door.
  2848 | D:4      | Noticed Crazy Yiuf
  3044 | D:4      | Killed Crazy Yiuf
  3084 | D:4      | XOM: give mutation
  3084 | D:4      | Gained mutation: You passively map a small area around you.
                  | [Xom's grace]
  3135 | D:5      | Entered Level 5 of the Dungeon
  3135 | D:5      | Noticed a sky beast
  3228 | D:5      | Reached skill level 6 in Fighting
  3257 | D:5      | Found a sand-covered staircase.
  3262 | D:5      | XOM: cast spell 'Death Channel'
  3266 | Ossuary  | Entered an ossuary
  3266 | Ossuary  | Noticed a wraith
  3266 | Ossuary  | Noticed a wraith
  3266 | Ossuary  | Noticed a wraith
  3310 | Ossuary  | Your scales start taking on a pale cyan-grey colour.
  3310 | Ossuary  | Reached XP level 7. HP: 63/63 MP: 7/7
  3310 | Ossuary  | Gained mutation: You are immune to the effects of steam.
                  | [Pale Draconian growth]
  3338 | Ossuary  | Noticed a wraith
  3340 | Ossuary  | XOM: cast spell 'Statue Form'
  3347 | Ossuary  | XOM: potion effect (berserk rage)
  3351 | Ossuary  | Killed a wraith
  3352 | Ossuary  | Reached skill level 5 in Dodging
  3543 | D:5      | XOM: potion effect (haste)
  3549 | D:5      | XOM: divination: detect items
  3849 | D:5      | XOM: divination: detect creatures
  3952 | D:5      | XOM: divination: magic mapping
  4067 | D:6      | XOM: potion effect (berserk rage)
  4068 | D:6      | Reached skill level 7 in Fighting
  4068 | D:6      | Reached skill level 5 in Long Blades
  4071 | D:6      | Reached XP level 8. HP: 60/73 MP: 8/8
  4072 | D:6      | Noticed a manticore
  4076 | D:6      | XOM: blink monster(s)
  4079 | D:6      | Killed from afar by a manticore

Illustrated notes

Levels and vault maps discovered:
D:1:      dpeg_arrival_stone_temple_mockup, layout_loops_ring, serial_shops,
          shop
D:2:      layout_loops_ring, nicolae_ecumenical_pavilion
D:3:      layout_loops_ring, nemelex_diamond_rough_becter,
          chequers_serial_rivers_marsh, kennysheep_generic_room_7, uniq_ijyb,
          uniq_jessica
D:4:      layout_rooms, mainiacjoe_overflow_alcove_2,
          minmay_temple_entry_nine_rooms, chequers_big_river,
          grunt_decor_resistance, nicolae_shop_sticking_my_neck_out,
          uniq_menkaure, uniq_crazy_yiuf_cottage, uniq_sigmund
D:5:      layout_cave_pools, enter_ossuary_1
D:6:      layout_cave_pools, tgw_fedhas, serial_shops, shop_fountains,
          uniq_duvessa

Skill      XL: |  1  2  3  4  5  6  7 |
---------------+----------------------+-----
Fighting       | 4 5 6 7 |  7.3
Dodging        | 3 4 5 |  5.8
Long Blades    | 4 5 |  5.1

Action                   |  1- 3 |  4- 6 |  7- 9 || total
-------------------------+-------+-------+-------++-------
Melee: Falchion          |    70 |   123 |    83 ||   276
       Tailslap          |     8 |    19 |    11 ||    38
       Kick              |       |    20 |    25 ||    45
       Punch             |       |     2 |     1 ||     3
       Peck              |       |    13 |    13 ||    26
       Unarmed           |       |     2 |       ||     2
Throw: Dart              |    43 |       |       ||    43
 Abil: Breathe Steam     |       |       |     2 ||     2
Evoke: Piece from Xom's  |       |     2 |       ||     2
       Wand              |       |       |     2 ||     2
  Use: Scroll            |       |    12 |     6 ||    18
       Potion            |       |     2 |     2 ||     4
 Stab: Sleeping          |     1 |     4 |     3 ||     8
       Petrified         |       |     5 |       ||     5
       Confused          |       |     2 |     1 ||     3
Armor: Skin              |    21 |    46 |    35 ||   102
Dodge: Dodged            |    59 |   105 |    73 ||   237

Table legend: (Time is in decaauts)
 A = Elapsed time spent in this place.
 B = Non-inter-level travel time spent in this place.
 C = Inter-level travel time spent in this place.
 D = Time resting spent in this place.
 E = Time spent auto-exploring this place.
 F = Levels seen in this place.
 G = Mean time per level.
                   A        B        C        D        E       F      G
               +--------+--------+--------+--------+--------+-----+--------+
         Total |   4145 |   3891 |    254 |    184 |   2845 |   7 |  592.1 |
       Dungeon |   3841 |   3587 |    254 |    129 |   2751 |   6 |  640.2 |
       Ossuary |    303 |    303 |      0 |     54 |     93 |   1 |  303.0 |
               +--------+--------+--------+--------+--------+-----+--------+

Top non-repeatable levels by time:
     D:4: 936 daAuts
     D:3: 804 daAuts
     D:1: 798 daAuts
     D:2: 729 daAuts
     D:5: 554 daAuts
 Ossuary: 303 daAuts
     D:6: 18 daAuts
